 Dungeon Crawl Stone Soup version 0.23.1-37-gaa34b87b72 (webtiles) character file.

Game seed: 7787061026328715500

58 Norn the Charmwright (level 4, -1/30 HPs)
             Began as a Halfling Skald on Mar 24, 2019.
             Was an Initiate of Okawaru.
             Slain by a centaur (5 damage)
             ... on level 2 of the Dungeon.
             The game lasted 00:03:26 (1383 turns).

Norn the Charmwright (Halfling Skald)               Turns: 1383, Time: 00:03:26

Health: -1/30      AC:  5    Str: 12    XL:     4   Next: 21%
Magic:  5/6        EV: 13    Int: 12    God:    Okawaru [......]
Gold:   82         SH:  4    Dex: 13    Spells: 3/6 levels left

rFire    . . .     SeeInvis .   a - +0 falchion
rCold    . . .     Gourm    .   g - +0 buckler
rNeg     . . .     Faith    .   c - +0 ring mail
rPois    .         Spirit   .   (no helmet)
rElec    .         Reflect  .   (no cloak)
rCorr    .         Harm     .   (no gloves)
MR       .....                  (no boots)
Stlth    +.........             (no amulet)
HPRegen  0.10/turn              (no ring)
MPRegen  0.10/turn              (no ring)

@: very slightly contaminated
A: small, mutation resistance 1
a: Renounce Religion


You were on level 2 of the Dungeon.
You worshipped Okawaru.
Okawaru was noncommittal.
You were not hungry.

You visited 1 branch of the dungeon, and saw 2 of its levels.

You collected 82 gold pieces.

Inventory:

Hand Weapons
 a - a +0 falchion (weapon)
Missiles
 i - 16 sling bullets
 j - 29 stones (quivered)
Armour
 b - a +0 leather armour
 c - a +0 ring mail (worn)
   (You found it on level 1 of the Dungeon)
 g - a +0 buckler (worn)
   (You found it on level 1 of the Dungeon)
Jewellery
 h - an uncursed ring of magical power {unknown}
   (You found it on level 1 of the Dungeon)
Scrolls
 f - a scroll of remove curse {unknown}
 m - a scroll of noise {unknown}
 o - a scroll of identify {unknown}
Potions
 d - a potion of cancellation {unknown}
 k - a potion of flight {unknown}
 l - a potion of degeneration {unknown}
 n - a potion of lignification {unknown}
 p - a potion of haste {unknown}
Comestibles
 e - 4 rations {!d}


   Skills:
 + Level 2.3 Fighting
 * Level 3.1 Long Blades
 - Level 1.1 Armour
 + Level 2.8 Dodging
 + Level 1.0 Shields
 - Level 1.5 Spellcasting
 - Level 3.2 Charms


You had 3 spell levels left.
You knew the following spells:

 Your Spells              Type           Power        Failure   Level  Hunger
a - Infusion              Chrm           #...         26%         1    ##.....
w - Song of Slaying       Chrm           #.......     36%         2    ###....

Your spell library contained the following spells:

 Spells                   Type           Power        Failure   Level  Hunger
 Shroud of Golubria       Chrm/Tloc      #.........   58%         2    ###....
 Regeneration             Chrm/Necr      #.........   83%         3    ####...
 Spectral Weapon          Hex/Chrm       #.......     83%         3    ####...


Dungeon Overview and Level Annotations

Branches:
Dungeon (2/15)

Altars:
Cheibriados
Okawaru


Innate Abilities, Weirdness & Mutations

You are small and have problems with some larger weapons.
You are somewhat resistant to further mutation.


Message History

Your Shields skill increases to level 1!
You see here an adder corpse.
You butcher the adder corpse.
q - a chunk of flesh You see here an adder skeleton.
You start resting.
Eating a chunk of flesh.
You eat the chunk of flesh.
Found a stone staircase leading up.
A frilled lizard comes into view.
The frilled lizard hisses angrily.
A frilled lizard is nearby!
A frilled lizard is nearby!
The frilled lizard bites you but does no damage.
Found 12 gold pieces.
You miss the frilled lizard. You block the frilled lizard's attack.
You hit the frilled lizard.
You kill the frilled lizard!
Okawaru accepts your kill.
No target in view!
You now have 82 gold pieces (gained 12).
You open the door.
There is a snail-covered altar of Cheibriados here.
Key pressed, stopping explore.
No target in view!
You see here an adder skeleton.
A centaur comes into view.
The centaur shouts!
The centaur wields a +0 shortbow.
The centaur shoots an arrow.
The arrow hits you!
You see here an arrow.
A centaur is nearby!
The centaur unwields a +0 shortbow.
The centaur hits you.
You closely miss the centaur. The centaur misses you.
The centaur closely misses you.
You hit the centaur.
The centaur hits you but does no damage. x2
You hit the centaur. The centaur hits you!
* * * LOW HITPOINT WARNING * * *
You miscast Infusion.
You are very lightly contaminated with residual magic.
You feel a strange surge of energy! The centaur hits you.
* * * LOW HITPOINT WARNING * * *
The centaur hits you.
* * * LOW HITPOINT WARNING * * *
You hit the centaur but do no damage.
The centaur hits you but does no damage.
You hit the centaur but do no damage. The centaur hits you.
* * * LOW HITPOINT WARNING * * *
The centaur hits you.
You die...

## #.#.#.## #.# #
#.#.^.<# #.# #
#.#.#..###.# ##
###.........#
.###..<........#
..##.##.##..##.#
...#.##.#...##.# .#
.....##.....##(####..#
................@c...#
............##.######...
...####........# ..##
##.####### .## #.# ##
#.# # #.# # .# ##


You could see a centaur.

Vanquished Creatures
  2 adders (D:2)
  An ooze (D:1)
  A worm (D:2)
  A dart slug (D:1)
  A leopard gecko (D:1)
  2 bats
  2 giant cockroaches (D:1)
  2 goblins (D:1)
  5 hobgoblins (D:1)
  A quokka (D:2)
  2 ball pythons
  2 frilled lizards
  4 kobolds
  7 rats
33 creatures vanquished.

Notes
Turn   | Place    | Note
-------+----------+-------------------------------------------
     0 | D:1      | Norn the Halfling Skald began the quest for the Orb.
     0 | D:1      | Reached XP level 1. HP: 14/14 MP: 3/3
   161 | D:1      | Reached XP level 2. HP: 17/19 MP: 4/4
   225 | D:1      | Learned a level 2 spell: Song of Slaying
   420 | D:1      | Reached XP level 3. HP: 22/24 MP: 5/5
   862 | D:2      | Found an iron altar of Okawaru.
   907 | D:2      | Became a worshipper of Warmaster Okawaru
  1165 | D:2      | Found a snail-covered altar of Cheibriados.
  1177 | D:2      | Reached XP level 4. HP: 25/29 MP: 6/6
  1229 | D:2      | Reached skill level 1 in Shields
  1375 | D:2      | Noticed a centaur
  1383 | D:2      | Slain by a centaur

Skill      XL: |  1  2  3  4 |
---------------+-------------+-----
Fighting       | 2 |  2.3
Long Blades    | 3 |  3.1
Shields        | 1 |  1.0
Armour         | |  1.1
Dodging        | |  2.8
Spellcasting   | |  1.5
Charms         | |  3.2

Action                   |  1- 3 |  4- 6 || total
-------------------------+-------+-------++-------
Melee: Falchion          |   122 |    17 ||   139
 Cast: Song of Slaying   |     1 |       ||     1
  Eat: Chunk             |     1 |     1 ||     2
Armor: Ring mail         |    38 |     6 ||    44
Dodge: Dodged            |    93 |     7 ||   100
Block: Buckler           |    15 |     5 ||    20
       Rpst.: Falchion   |    37 |     3 ||    40
